 Dungeon Crawl Stone Soup version 0.29.0 (webtiles) character file.

Game seed: 6781500125422866533

448 malesh the Insei (level 7, -8/45 HPs)
             Began as an Octopode Transmuter on Sept 10, 2022.
             Killed from afar by Eustachio (12 damage)
             ... with a puff of flame
             ... on level 5 of the Dungeon.
             The game lasted 00:18:58 (6336 turns).

malesh the Insei (Octopode Transmuter)              Turns: 6336, Time: 00:18:59

Health: -8/45      AC:  1    Str:  9    XL:     7   Next: 4%
Magic:  10/11      EV: 14    Int: 15    God:
Gold:   184        SH:  0    Dex: 15    Spells: 1/11 levels left

rFire   . . .      SeeInvis .     - Unarmed
rCold   . . .      Faith    .   (no shield)
rNeg    . . .      Spirit   .   (helmet currently unavailable)
rPois   .          Reflect  .   (no amulet)
rElec   .          Harm     .   (no ring)
rCorr   .          Rampage  .   (no ring)
Will    .....                   (no ring)
Stlth   +++.......              (no ring)
HPRegen 0.15/turn               (no ring)
MPRegen 0.12/turn               (no ring)
                                (no ring)
                                (no ring)

@: appendages
A: tentacle spike 3, almost no armour, amphibious, 8 rings, camouflage 1,
gelatinous body 1, (nimble swimmer 1), tentacles
a: End Transformation


You were on level 5 of the Dungeon.
One of your tentacles had grown a beastly spike.
You visited 1 branch of the dungeon, and saw 5 of its levels.
You also visited: Ossuary.

You collected 184 gold pieces.

Inventory:

Missiles
 g - 2 silver boomerangs
Jewellery
 q - an amulet of guardian spirit
Wands
 m - a wand of quicksilver (11)
Scrolls
 b - 2 scrolls of vulnerability {unknown}
 c - a scroll of enchant armour {unknown}
 d - a scroll of poison
 e - a scroll of immolation {unknown}
 f - 4 scrolls of teleportation
 h - a scroll of silence {unknown}
 i - 2 scrolls of noise {unknown}
 j - a scroll of enchant weapon {unknown}
 k - a scroll of fog {unknown}
 r - 2 scrolls of fear {unknown}
Potions
 a - 3 potions of lignification
 l - a potion of might {unknown}
 n - a potion of magic {unknown}
 o - a potion of curing {unknown}
 p - a potion of attraction {unknown}


   Skills:
 + Level 2.3 Fighting
 + Level 3.2 Dodging
 - Level 1.3 Stealth
 * Level 5.2 Unarmed Combat
 - Level 2.8 Spellcasting
 - Level 3.2 Transmutations
 * Level 0.8 Ice Magic
 * Level 2.0 Poison Magic


You had one spell level left.
You knew the following spells:

 Your Spells              Type           Power      Damage    Failure   Level
a - Beastly Appendage     Tmut           22%        N/A       5%          1
b - Wereblood             Tmut           11%        N/A       9%          2
c - Spider Form           Tmut/Pois      10%        N/A       21%         3
d - Ice Form              Ice/Tmut       8%         N/A       65%         4

Your spell library contained the following spells:

 Spells                   Type           Power      Damage    Failure   Level


Dungeon Overview and Level Annotations

Branches:
Dungeon (5/15)            Ossuary (visited)
 Temple: D:4-7

Altars:
Elyvilon

Annotations:
D:5 Eustachio


Innate Abilities, Weirdness & Mutations

One of your tentacles has grown a beastly spike.
You cannot wear most types of armour.
You are amphibious.
You can wear up to eight rings at the same time.
Your skin changes colour to match your surroundings (Stealth+).
Your rubbery body absorbs attacks. (AC +1, EV +1)
((You are camouflaged when in or above water. (Stealth+)))
You have tentacles for arms and can constrict up to eight enemies at once.


Message History

Unknown command.
The crimson imp blinks!
You tentacle-slap Eustachio. You grab Eustachio.
You pierce Eustachio.
Eustachio is lightly wounded.
You constrict Eustachio.
Eustachio hits you with a +5 falchion of flaming.
Eustachio burns you.
You tentacle-slap Eustachio.
Eustachio is moderately wounded.
You constrict Eustachio.
Eustachio hits you with a +5 falchion of flaming!
Eustachio burns you.
You tentacle-slap Eustachio.
Eustachio is moderately wounded.
You constrict Eustachio, but do no damage.
The crimson imp blinks!
Eustachio hits you with a +5 falchion of flaming!
Eustachio burns you.
You tentacle-slap Eustachio.
You pierce Eustachio.
Eustachio is heavily wounded.
You constrict Eustachio.
The crimson imp disappears in a puff of smoke!
You tentacle-slap Eustachio but do no damage.
You squeeze Eustachio.
Eustachio is severely wounded.
You constrict Eustachio.
Eustachio hits you with a +5 falchion of flaming!
* * * LOW HITPOINT WARNING * * *
Eustachio burns you.
* * * LOW HITPOINT WARNING * * *
Okay, then.
Okay, then.
Unknown command.
Unknown command.
You tentacle-slap Eustachio. You squeeze Eustachio.
Eustachio is almost dead.
You constrict Eustachio.
The crimson imp disappears in a puff of smoke!
Eustachio zaps a wand.
The puff of flame hits you!
You die...

#.#.#.## #.#.#<#
######.#.###
....#####......#.#
....#.......#..#.#
....#.##'##....#.#
....#.#...#.##5#.#
......#...'.##5#.#
......#...#o##@#@#
....#.##)##.##)#@##
...)@.......##5#§.#
...)....######.##§#
........# #.##§#
........# #..§.#
........# ######
........# ........#


You could see Eustachio.

Vanquished Creatures
  A black bear (D:5)
  A centaur zombie (Ossuary)
  2 hounds
  An orc priest (D:5)
  Ijyb (D:3)
  An iguana (D:4)
  4 gnolls (D:4)
  An adder (D:2)
  An adder zombie (Ossuary)
  A worm (D:2)
  13 orcs
  6 bats
  5 endoplasms
  3 giant cockroaches
  6 goblins
  8 hobgoblins
  7 jackals
  5 quokkas
  7 ball pythons
  4 frilled lizards
  8 hobgoblin zombies (Ossuary)
  A jackal zombie (Ossuary)
  7 kobolds
  5 kobold zombies (Ossuary)
  8 orc zombies (Ossuary)
  8 rats
115 creatures vanquished.

Vanquished Creatures (others)
  A ball python (D:2)
  A butterfly (D:3)
  7 demonic plants (D:3)
  4 fungi (D:3)
  9 plants (D:3)
  4 withered plants (D:3)
26 creatures vanquished.

Grand Total: 141 creatures vanquished

Notes
Turn   | Place    | Note
-------+----------+-------------------------------------------
     0 | D:1      | malesh the Octopode Transmuter began the quest for the Orb.
     0 | D:1      | Reached XP level 1. HP: 13/13 MP: 3/3
   638 | D:1      | Reached XP level 2. HP: 18/18 MP: 3/5
   642 | D:1      | Learned a level 2 spell: Wereblood
  1240 | D:1      | Reached XP level 3. HP: 12/23 MP: 2/6
  1342 | D:1      | Learned a level 3 spell: Spider Form
  1891 | D:2      | Reached XP level 4. HP: 4/28 MP: 7/7
  2218 | D:2      | Reached skill level 4 in Unarmed Combat
  2408 | D:2      | Reached skill level 1 in Stealth
  3334 | D:3      | Found a faded altar of an unknown god.
  3382 | D:3      | Noticed Ijyb
  3400 | D:3      | Killed Ijyb
  3401 | D:3      | Reached XP level 5. HP: 7/33 MP: 9/9
  3685 | D:3      | Found a white marble altar of Elyvilon.
  4395 | D:4      | Noticed a black bear
  4460 | D:4      | Noticed an ogre
  4510 | D:4      | Reached XP level 6. HP: 39/39 MP: 8/10
  4697 | D:4      | Reached skill level 1 in Poison Magic
  4924 | D:4      | Learned a level 4 spell: Ice Form
  4986 | D:5      | Entered Level 5 of the Dungeon
  4990 | D:5      | Noticed a black bear
  4998 | D:5      | Killed a black bear
  4999 | D:5      | Reached skill level 5 in Unarmed Combat
  5066 | D:5      | Found a sand-covered staircase.
  5082 | Ossuary  | Entered an ossuary
  6290 | D:5      | Noticed Eustachio
  6296 | D:5      | Reached XP level 7. HP: 37/45 MP: 9/11
  6336 | D:5      | Killed from afar by Eustachio

Illustrated notes

Levels and vault maps discovered:
D:1:      dpeg_arrival_pits, layout_basic, minmay_pentomino_v4
D:2:      layout_basic, small_statue_intersection, lemuel_old_faithful
D:3:      layout_basic, nicolae_elyvilon_peaceful_grove,
          shapermc_ecumenical_altar_gd, uniq_ijyb
D:4:      layout_loops_ring, gammafunk_ghost_smash, chequers_serial_rivers_marsh
D:5:      layout_basic, grunt_temple_overflow_champion_of_chaos,
          amcnicky_altar_gilded, mainiacjoe_overflow_alcove_4, enter_ossuary_2,
          kennysheep_generic_room_13, uniq_eustachio, uniq_blork_the_orc

Skill      XL: |  1  2  3  4  5  6 |
---------------+-------------------+-----
Unarmed Combat | 4 5 |  5.2
Stealth        | 1 |  1.3
Transmutations | 3 |  3.2
Poison Magic   | 2 |  2.0
Fighting       | 2 |  2.3
Dodging        | 3 |  3.2
Spellcasting   | |  2.8
Ice Magic      | |  0.8

Action                   |  1- 3 |  4- 6 |  7- 9 || total
-------------------------+-------+-------+-------++-------
Melee: Unarmed           |    66 |   173 |     9 ||   248
       Kick              |    15 |    68 |     3 ||    86
       Constrict         |    17 |    54 |     3 ||    74
       Tentacles         |    12 |    32 |     4 ||    48
       Punch             |     1 |    11 |       ||    12
 Cast: Beastly Appendage |    20 |    55 |     2 ||    77
       Wereblood         |     2 |     1 |       ||     3
  Use: Scroll            |       |     4 |       ||     4
 Stab: Sleeping          |     1 |     9 |       ||    10
Armor: Skin              |     7 |     7 |       ||    14
Dodge: Dodged            |    49 |    91 |     1 ||   141
